 Dungeon Crawl Stone Soup version 0.13-a0-1585-g6f4f798 (webtiles) character file.

921 Koal the Cruncher (level 7, -5/51 HPs)
             Began as a Demonspawn Gladiator on June 12, 2013.
             Slain by a yellow wasp (8 damage)
             ... on Level 5 of the Dungeon.
             The game lasted 00:16:21 (4036 turns).

Koal the Cruncher (Demonspawn Gladiator)            Turns: 4036, Time: 00:16:21

HP  -5/51        AC  5     Str 15      XL: 7   Next: 49%
MP   0/6         EV 12     Int  9      God:
Gold 168         SH  0     Dex 16      Spells:  0 memorised,  6 levels left

Res.Fire  : . . .   See Invis. : .   a - +0 quarterstaff
Res.Cold  : + . .   Warding    : .   b - +0 leather armour
Life Prot.: . . .   Conserve   : .   (no shield)
Res.Poison: .       Res.Corr.  : .   c - +0 helmet
Res.Elec. : .       Clarity    : .   u - +0 elf cloak
Sust.Abil.: . .     Spirit.Shd : +   (no gloves)
Res.Mut.  : .       Stasis     : .   (no boots)
Res.Rott. : .       Flight     : .   (no amulet)
Saprovore : . . .                    (no ring)
                                     (no ring)

@: quite poisoned, slowed, very slow, slightly resistant to hostile
enchantments, unstealthy
A: claws 1, hooves 1, cold resistance 1, magic shield, magic regeneration
a: no special abilities


You were on level 5 of the Dungeon.
You were hungry.

You visited 1 branch of the dungeon, and saw 5 of its levels.

You collected 148 gold pieces.

Inventory:

Hand weapons
 a - a +0,+0 quarterstaff (weapon)
 i - a +1,+1 sling
Missiles
 d - 3 throwing nets {=f}
 m - 2 darts (quivered)
 B - 16 sling bullets
 M - 16 darts of flame
 Z - 25 stones
Armour
 b - a +0 leather armour (worn)
 c - a +0 helmet (worn)
 u - a +0 elven cloak (worn)
Magical devices
 w - a wand of polymorph (11)
 y - a wand of invisibility (0)
Comestibles
 f - 2 bread rations
 l - an orange
 s - a snozzcumber
 A - a meat ration
Scrolls
 e - 6 scrolls of identify {unknown}
 g - 5 scrolls of random uselessness {unknown}
 h - 3 scrolls of remove curse {unknown}
 j - a scroll of teleportation {unknown}
 p - 2 scrolls of magic mapping {unknown}
 q - a scroll of amnesia {unknown}
 r - 2 scrolls of enchant weapon I {unknown}
 v - a scroll of curse weapon {unknown}
 x - a scroll of enchant armour {unknown}
 z - 2 scrolls of curse armour {unknown}
 C - a scroll of curse jewellery {unknown}
 E - a scroll of enchant weapon II {unknown}
Jewellery
 N - a cursed ring of hunger {unknown}
Potions
 k - a potion of magic {unknown}
 n - a potion of poison {unknown}
 o - a potion of curing {unknown}
 t - a potion of paralysis {unknown}
 D - 2 potions of slowing {unknown}
 F - a potion of flight {unknown}
 G - a potion of heal wounds {unknown}
 I - a potion of mutation {unknown}
 K - a potion of invisibility {unknown}


   Skills:
 - Level 2.0 Fighting
 + Level 8.0 Staves
 - Level 1.7 Throwing
 - Level 2.6 Dodging


You had 6 spell levels left.
You didn't know any spells.

Dungeon Overview and Level Annotations

Branches:
Dungeon (5/27)
 Temple: D:4-7

Altars:
Sif Muna

Annotations
D:1 digs


Innate Abilities, Weirdness & Mutations

You have sharp fingernails.
You have large cloven feet.
Your flesh is cold resistant.
When hurt, damage is shared between your health and your magic reserves.
You regenerate magic rapidly.


Message History

You feel as though you will be slow longer.
You sock the yellow wasp! Your kick misses the yellow wasp.
The yellow wasp is moderately wounded.
The yellow wasp stings you but does no damage.
The yellow wasp closely misses you.
You hit the yellow wasp. Your kick misses the yellow wasp.
The yellow wasp is heavily wounded.
The yellow wasp stings you.
* * * LOW HITPOINT WARNING * * *
You are more poisoned.
You feel as though you will be slow longer.
The yellow wasp stings you!
* * * LOW HITPOINT WARNING * * *
You feel as though you will be slow longer.
You closely miss the yellow wasp.
You kick the yellow wasp, but do no damage.
The yellow wasp is heavily wounded.
* * * LOW HITPOINT WARNING * * *
You feel sick. The yellow wasp stings you!
You die...

..#...#..............#..
..#)....................
........................
.......................
.........................
#........................# ((
....................>.... (#
...........<.%..........###$#
................@..##.......#
....#.....##.#..#y## #...#r.
....##....####.###O###...#(###.#
#..).#.....##...#.r.#....#(.$..#
.....#....####.##.......Or[.#
......#.### #####......###.#
.......### ##.........#
....#.##.## .....#...#...
....<.....# #.##.##...# ##


You could see an ogre, a yellow wasp and a rat.

Vanquished Creatures
  Grinder (D:4)
  A phantom (D:5)
  An ogre (D:5)
  A crimson imp (D:3)
  A goliath beetle (D:5)
  A worker ant (D:4)
  4 gnolls (D:3)
  An iguana zombie (D:5)
  9 adders
  An adder skeleton (D:4)
  2 iguana skeletons (D:4)
  2 worms
  A bat skeleton (D:4)
  4 giant geckos
  3 oozes
  13 orcs
  A ball python (D:1)
  4 giant cockroaches
  8 goblins
  10 hobgoblins
  9 kobolds
  2 quokkas
  7 bats
  6 giant newts
  9 rats
102 creatures vanquished.

Vanquished Creatures (others)
  A hobgoblin (D:2)
  A kobold (D:3)
2 creatures vanquished.

Grand Total: 104 creatures vanquished

Notes
Turn   | Place    | Note
--------------------------------------------------------------
     0 | D:1      | Koal, the Demonspawn Gladiator, began the quest for the Orb.
     0 | D:1      | Reached XP level 1. HP: 17/17 MP: 0/0
    45 | D:1      | Reached skill level 3 in Staves
   151 | D:1      | Gained mutation: You have large cloven feet. [demonic ancestry]
   151 | D:1      | Reached XP level 2. HP: 16/23 MP: 1/1
   817 | D:2      | Gained mutation: Your flesh is cold resistant. [demonic ancestry]
   817 | D:2      | Reached XP level 3. HP: 24/28 MP: 2/2
   847 | D:2      | Reached skill level 4 in Staves
  1042 | D:2      | Found a deep blue altar of Sif Muna.
  1302 | D:3      | Gained mutation: When hurt, damage is shared between your health and your magic reserves. [demonic ancestry]
  1302 | D:3      | Reached XP level 4. HP: 32/35 MP: 3/3
  1481 | D:3      | Reached skill level 5 in Staves
  1717 | D:3      | Gained mutation: You have sharp fingernails. [demonic ancestry]
  1717 | D:3      | Reached XP level 5. HP: 33/40 MP: 4/4
  2627 | D:4      | Reached skill level 6 in Staves
  2715 | D:4      | Noticed Grinder
  2716 | D:4      | Paralysed by it for 2 turns
  2723 | D:4      | Paralysed by it for 6 turns
  2991 | D:4      | Gained mutation: You regenerate magic rapidly. [demonic ancestry]
  2991 | D:4      | Reached XP level 6. HP: 46/46 MP: 5/5
  3026 | D:4      | Paralysed by it for 4 turns
  3155 | D:4      | Killed Grinder
  3155 | D:4      | Reached skill level 7 in Staves
  3170 | D:4      | Reached XP level 7. HP: 34/51 MP: 6/6
  3566 | D:5      | Entered Level 5 of the Dungeon
  3778 | D:5      | Reached skill level 8 in Staves
  4036 | D:5      | Slain by a yellow wasp

Action                   |  1- 3 |  4- 6 |  7- 9 || total
-------------------------+-------+-------+-------++-------
Melee: Quarterstaff      |    75 |   149 |    87 ||   311
       Unarmed           |       |       |     6 ||     6
Throw: Dart              |    29 |    50 |    55 ||   134
       Stone             |       |    19 |       ||    19
